 Dungeon Crawl Stone Soup version 0.29-a0-23-ga79f92ac9c (webtiles) character file.

Game seed: 11905747622777745054

15992 Ajdolov the Destroyer (level 12, -2/77 HPs)
             Began as an Octopode Earth Elementalist on Jan 30, 2022.
             Was a Follower of Ashenzari.
             Slain by a boulder beetle (59 damage)
             ... on level 10 of the Dungeon.
             The game lasted 00:50:30 (15113 turns).

Ajdolov the Destroyer (OpEE)                       Turns: 15113, Time: 00:50:31

Health: -2/77      AC:  1    Str: 13    XL:     12   Next: 32%
Magic:  12/23      EV: 13    Int: 22    God:    Ashenzari [*.....]
Gold:   40         SH:  0    Dex: 13    Spells: 17/26 levels left

rFire   . . .      SeeInvis .   j - +2 dagger "Thunder Perfect Mind" {protect, Range, Bglg} (curse)
rCold   . . .      Faith    .   (no shield)
rNeg    + . .      Spirit   .   (helmet restricted)
rPois   .          Reflect  .   C - amulet of regeneration
rElec   .          Harm     .   g - ring of the Prescient God {rN+, Elem, Evo} (curse)
rCorr   +          Rampage  .   l - +6 ring of strength
Will    .....                   y - ring "Share My Trepidation" {rCorr, Melee, Elem} (curse)
Stlth   ++++......              (no ring)
HPRegen 1.02/turn               (no ring)
MPRegen 0.18/turn               (no ring)
                                (no ring)
                                (no ring)

@: studying Staves
A: almost no armour, amphibious, 8 rings, camouflage 1, gelatinous body 1,
(nimble swimmer 1), tentacles
a: Renounce Religion, Curse Item, Shatter the Chains


You were on level 10 of the Dungeon.
You worshipped Ashenzari.
Ashenzari was aware of your devotion.
You visited 2 branches of the dungeon, and saw 11 of its levels.

You collected 668 gold pieces.
You spent 628 gold pieces at shops.

Inventory:

Hand Weapons
 j - the cursed +2 dagger "Thunder Perfect Mind" (weapon) {protect, Range, Bglg}
   (You took it off a goblin on level 3 of the Dungeon)

   It grants its wielder temporary protection when it strikes (+7 to AC).
   It has a curse which improves the following skills: Ranged Combat: Slings,
   Bows, Crossbows and Throwing.
   Beguiling: Conjurations, Hexes and Translocations.
 F - a +0 whip of electrocution
Missiles
 b - 172 stones
 o - 27 poisoned darts
Armour
 e - a +0 kite shield
Magical Staves
 x - a staff of cold
Jewellery
 g - the cursed ring of the Prescient God (left tentacle) {rN+, Elem, Evo}
   (You found it on level 1 of the Dungeon)

   [ring of positive energy]

   rN:        It protects you from negative energy.
   It has a curse which improves the following skills: Elements: Fire Magic, Ice
   Magic, Air Magic and Earth Magic.
   Evocations: Evocations.
 l - a +6 ring of strength (right tentacle)
 w - a ring of magical power
 y - the cursed ring "Share My Trepidation" (on tentacle) {rCorr, Melee, Elem}
   (You found it on level 6 of the Dungeon)

   [ring of resist corrosion]

   rCorr:     It protects you from acid and corrosion.
   It has a curse which improves the following skills: Melee Combat: Short
   Blades, Long Blades, Axes, Maces & Flails, Polearms, Staves and Unarmed
   Combat.
   Elements:  Fire Magic, Ice Magic, Air Magic and Earth Magic.
 C - an amulet of regeneration (around mantle)
 I - an amulet of the acrobat
Wands
 n - a wand of paralysis (5)
 t - a wand of charming (4)
 E - a wand of mindburst (11)
 H - a wand of digging (8)
Scrolls
 c - 10 scrolls of identify
 i - a scroll of silence
 k - 2 scrolls of immolation
 p - 2 scrolls of vulnerability
 q - 3 scrolls of enchant armour
 s - a scroll of enchant weapon
 u - a scroll of torment
 v - a scroll of amnesia
 z - 6 scrolls of teleportation
 B - 4 scrolls of noise
 D - a scroll of fog
Potions
 a - a potion of might
 d - a potion of heal wounds
 f - 3 potions of lignification
 h - 5 potions of brilliance
 m - a potion of flight
 r - 3 potions of curing
 A - 2 potions of ambrosia
 G - a potion of magic


   Skills:
 - Level 5.2 Fighting
 + Level 2.8 Dodging
 - Level 7.0 Stealth
 + Level 7.5 Spellcasting
 * Level 11.0(11.9) Conjurations
 - Level 7.7 Transmutations
 * Level 10.5(11.8) Earth Magic


You had 17 spell levels left.
You knew the following spells:

 Your Spells              Type           Power      Damage    Failure   Level
a - Sandblast             Erth           100%       2d20      1%          1
b - Stone Arrow           Conj/Erth      100%       3d13      1%          3
c - Lee's Rapid Deconstr  Erth           28%        3d16*     1%          5

Your spell library contained the following spells:

 Spells                   Type           Power      Damage    Failure   Level
 Passwall                 Tmut/Erth      41%        N/A       1%          2
 Static Discharge         Conj/Air       34%        N/A       1%          2
 Petrify                  Tmut/Erth      50%        N/A       1%          4
 Irradiate                Conj/Tmut      25%        3d22      3%          5
 Leda's Liquefaction      Hex/Erth       17%        N/A       7%          4
 Sublimation of Blood     Necr           8%         N/A       12%         2
 Lightning Bolt           Conj/Air       17%        1d31      19%         5
 Inner Flame              Hex/Fire       8%         N/A       22%         3
 Portal Projectile        Hex/Tloc       16%        N/A       22%         3
 Statue Form              Tmut/Erth      33%        N/A       22%         6
 Call Canine Familiar     Summ           8%         N/A       24%         3
 Cause Fear               Hex            4%         N/A       58%         4
 Discord                  Hex            4%         N/A       100%        8
 Maxwell's Capacitive Co  Air            4%         ∞         100%        8


Dungeon Overview and Level Annotations

Branches:
Dungeon (10/15)            Temple (1/1) D:5            Lair (0/6) D:10
    Orc: D:9-12

Altars:
Ashenzari
Cheibriados
Dithmenos
Elyvilon
Fedhas
Gozag
Hepliaklqana
Kikubaaqudgha
Makhleb
Nemelex Xobeh
Okawaru
Qazlal
Ru
Sif Muna
Trog
Uskayaw
Vehumet
Wu Jian
Xom
Yredelemnul
Zin
The Shining One

Shops:
D:6 !   D:8 :   D:10 *

Annotations:
D:4 2 exclusions
D:6 Blork the orc
D:8 exclusions: door and statue
D:10 1 runed translucent door, exclusions: door and 2 more exclusions


Innate Abilities, Weirdness & Mutations

You cannot wear most types of armour.
You are amphibious.
You can wear up to eight rings at the same time.
Your skin changes colour to match your surroundings (Stealth+).
Your rubbery body absorbs attacks. (AC +1, EV +1)
((You are camouflaged when in or above water. (Stealth+)))
You have tentacles for arms and can constrict up to eight enemies at once.


Message History

Casting: Lee's Rapid Deconstruction (dangerous; 1% risk of failure)
Confirm with . or Enter, or press ? or * to list all spells.
Aiming: Lee's Rapid Deconstruction (dangerous; 1% risk of failure)
Press: ? - help, Dir - move target A stone wall.
The wall shatters!
The blast of rock fragments hits the boulder beetle but does no damage.
The boulder beetle is moderately wounded.
The boulder beetle curls into a ball and begins rolling!
There is a stone staircase leading up, spattered with blood here.
The boulder beetle misses you.
The boulder beetle stops rolling and uncurls.
The boulder beetle curls into a ball and begins rolling!
Things that are here:
a +0 robe; a +0 dagger
Things that are here:
20 arrows; a +0 shortbow; a +0 short sword The boulder beetle hits you!!
The boulder beetle stops rolling and uncurls.
The boulder beetle curls into a ball and begins rolling!
The boulder beetle hits you!
The boulder beetle stops rolling and uncurls.
Aiming: Mindburst
Press: ? - help, Shift-Dir - straight line, f - boulder beetle
Aim: a boulder beetle (lightly wounded, chance to affect: 47%)
Okay, then.
Okay, then.
The boulder beetle curls into a ball and begins rolling!
Okay, then.
The boulder beetle hits you.
The boulder beetle stops rolling and uncurls.
Things that are here:
20 arrows; a +0 shortbow; a +0 short sword
Things that are here:
a +0 robe; a +0 dagger
There is a stone staircase leading up, spattered with blood here.
The boulder beetle curls into a ball and begins rolling!
The boulder beetle hits you!!!
Ouch! That really hurt!
You die...

..#.....'.##..#...............#..
..#######.....####...##.##....#.#
### ##..<....#...##.##....#.. .#
#....<..#............#.. .######
#....°..#............#.. ......#
#.....°.#............#.. #####.##
#.....○.'......##....#.. #..#
#......B###'#####....#..
##.###.....#@........#....#..
#..##.....#.........#....#..
##)##.........#.....#....#..
.#####..#.........#.....######..
.#.p###.#....[....#.....######..
.Q+.#...........#.....#....#.#
#.##................#....#.#
#######.#....##.......P.......'.#
......B..#...##...........PP..#..


You could see a boulder beetle (rolling).

Vanquished Creatures
  A hydra (D:10)
  6 two-headed ogres
  3 skeletal warriors (D:10)
  Pikel (D:8)
  A deep elf pyromancer (D:9)
  A cyclops (D:8)
  An unseen horror (D:10)
  Psyche (D:8)
  2 komodo dragons
  2 shadows (D:10)
  A slime creature (D:10)
  A vampire (D:8)
  Sigmund (D:4)
  A wyvern (D:8)
  6 yaks
  A vampire mosquito (D:8)
  4 steam dragons
  A water moccasin (D:5)
  An ice beast (D:7)
  8 orc warriors
  2 black bears
  2 ogres
  2 hornet zombies (D:8)
  5 necrophages
  A lemure (D:8)
  7 centaurs
  A phantom (D:5)
  2 kobold brigands (D:8)
  9 bullfrogs
  2 scorpions
  5 wights
  18 killer bees
  2 howler monkeys (D:8)
  5 centaur zombies
  A bullfrog zombie (D:5)
  3 centaur skeletons (D:7)
  3 hounds
  4 jellies
  A bullfrog skeleton (D:6)
  3 orc priests
  Jessica (D:3)
  5 iguanas
  4 orc wizards
  2 hound skeletons
  2 howler monkey zombies
  7 gnolls
  5 adders
  2 shadow imps
  4 white imps (D:8)
  4 ufetubi
  2 adder skeletons (D:4)
  A dart slug (D:1)
  17 orcs
  5 endoplasms
  3 giant cockroaches
  13 goblins
  6 hobgoblins
  3 jackals (D:1)
  11 kobolds
  3 quokkas
  5 ball pythons
  7 bats
  2 frilled lizards
  6 rats
242 creatures vanquished.

Vanquished Creatures (others)
  A steam dragon (D:9)
  3 killer bees (D:9)
  13 fungi
  13 plants (D:10)
30 creatures vanquished.

Grand Total: 272 creatures vanquished

Notes
Turn   | Place    | Note
-------+----------+-------------------------------------------
     0 | D:1      | Ajdolov the Octopode Earth Elementalist began the quest for
                  | the Orb.
     0 | D:1      | Reached XP level 1. HP: 11/11 MP: 3/3
   225 | D:1      | Reached XP level 2. HP: 16/17 MP: 3/5
   633 | D:1      | Reached XP level 3. HP: 19/21 MP: 1/6
  2231 | D:3      | Learned a level 3 spell: Stone Arrow
  2279 | D:3      | Reached XP level 4. HP: 23/27 MP: 6/8
  2390 | D:3      | Noticed a water moccasin
  2584 | D:3      | Found a shimmering altar of Xom.
  2783 | D:3      | Noticed Jessica
  2786 | D:3      | Killed Jessica
  2886 | D:3      | Reached skill level 1 in Conjurations
  3228 | D:4      | Found an iron altar of Okawaru.
  3241 | D:4      | Reached XP level 5. HP: 14/31 MP: 6/9
  3429 | D:4      | Found a hide-covered altar of Uskayaw.
  3589 | D:4      | Reached skill level 5 in Earth Magic
  3705 | D:4      | Noticed a necrophage
  3779 | D:4      | Killed a necrophage
  3780 | D:4      | Reached skill level 2 in Conjurations
  3780 | D:4      | Reached XP level 6. HP: 33/36 MP: 5/11
  4406 | D:4      | Noticed Sigmund
  4579 | D:4      | Killed Sigmund
  4580 | D:4      | Reached XP level 7. HP: 41/41 MP: 5/12
  4816 | D:5      | Entered Level 5 of the Dungeon
  4819 | D:5      | Reached skill level 3 in Conjurations
  5148 | D:5      | Reached XP level 8. HP: 37/46 MP: 3/14
  5339 | D:5      | Found a staircase to the Ecumenical Temple.
  5350 | Temple   | Entered the Ecumenical Temple
  5430 | Temple   | Became a worshipper of Ashenzari the Shackled
  5562 | D:5      | Found an opulent altar of Gozag.
  5619 | D:5      | Reached skill level 4 in Conjurations
  5649 | D:5      | Found the +11 plutonium sword {Contam Stlth-}
  5653 | D:5      | Noticed a shadow
  6360 | D:6      | Reached skill level 5 in Spellcasting
  6504 | D:6      | Reached skill level 5 in Conjurations
  6626 | D:6      | Found Ymniofa's Distillery.
  6641 | D:6      | Bought a potion of curing for 33 gold pieces
  6641 | D:6      | Bought a potion of heal wounds for 55 gold pieces
  6786 | D:6      | Noticed Blork the orc
  6845 | D:6      | Reached XP level 9. HP: 51/51 MP: 10/17
  6986 | D:6      | Found a shimmering blue altar of Sif Muna.
  7433 | D:7      | Reached skill level 6 in Conjurations
  8222 | D:7      | Noticed a komodo dragon
  8238 | D:7      | Reached skill level 7 in Conjurations
  8258 | D:7      | Killed a komodo dragon
  8728 | D:8      | Noticed a two-headed ogre
  8894 | D:8      | Noticed a two-headed ogre
  8899 | D:8      | Killed a two-headed ogre
  8900 | D:8      | Reached skill level 8 in Conjurations
  8900 | D:8      | Reached XP level 10. HP: 56/56 MP: 9/20
  8903 | D:8      | Killed a two-headed ogre
  9029 | D:8      | Found a radiant altar of Vehumet.
  9062 | D:8      | Reached skill level 9 in Conjurations
  9435 | D:8      | Found Saipp's Book Shoppe.
  9783 | D:8      | Reached skill level 1 in Fighting
  9928 | D:8      | Noticed a boulder beetle
 10163 | D:8      | Noticed Psyche
 10173 | D:8      | Killed Psyche
 10324 | D:8      | Reached skill level 10 in Earth Magic
 10434 | D:8      | Noticed a two-headed ogre
 10493 | D:7      | Reached * piety under Ashenzari
 10778 | D:8      | Noticed a cyclops
 10781 | D:8      | Killed a cyclops
 10782 | D:8      | Reached XP level 11. HP: 66/66 MP: 8/21
 10872 | D:8      | Noticed Pikel
 10876 | D:8      | Killed Pikel
 10931 | D:8      | Noticed a two-headed ogre
 10937 | D:8      | Killed a two-headed ogre
 10938 | D:8      | Reached skill level 5 in Transmutations
 11200 | D:9      | Reached skill level 10 in Conjurations
 11749 | D:9      | Noticed a deep elf pyromancer
 11890 | D:9      | Killed a deep elf pyromancer
 11891 | D:9      | Reached skill level 5 in Stealth
 12184 | D:9      | Found a glowing golden altar of the Shining One.
 12427 | D:10     | Entered Level 10 of the Dungeon
 12666 | D:10     | Noticed an angel
 12667 | D:10     | Found a glowing silver altar of Zin.
 12854 | D:10     | Found Xemob's Assorted Antiques.
 12928 | D:10     | Noticed a skeletal warrior
 12980 | D:10     | Killed a skeletal warrior
 13436 | D:10     | Found a staircase to the Lair.
 13502 | D:10     | Noticed a skeletal warrior
 13505 | D:10     | Noticed a skeletal warrior
 13521 | D:10     | Noticed a skeletal warrior
 13642 | D:10     | Noticed a two-headed ogre
 13648 | D:10     | Killed a two-headed ogre
 13773 | D:10     | Reached skill level 5 in Fighting
 13775 | D:10     | Reached XP level 12. HP: 77/77 MP: 9/22
 13883 | D:10     | Noticed a two-headed ogre
 13887 | D:10     | Killed a two-headed ogre
 14529 | D:8      | Killed a two-headed ogre
 14707 | D:8      | Bought a book of the Earth for 540 gold pieces
 14713 | D:8      | Learned a level 5 spell: Lee's Rapid Deconstruction
 14882 | D:10     | Noticed a five-headed hydra
 14891 | D:10     | Killed a five-headed hydra
 14892 | D:10     | Reached skill level 11 in Conjurations
 15063 | D:10     | Found a runed translucent door.
 15063 | D:10     | Noticed a centaur warrior
 15063 | D:10     | Noticed a boulder beetle
 15063 | D:10     | Noticed a tengu warrior
 15066 | D:10     | Identified the ring "Diviah" {rElec rF+ Str+6}
 15113 | D:10     | Slain by a boulder beetle

Illustrated notes

Levels and vault maps discovered:
D:1:      lightli_arrival_boilingwater, layout_basic
D:2:      layout_basic, nicolae_figureground_pulse
D:3:      layout_basic, old_standard_altar, due_unseen_surprise, uniq_jessica
D:4:      layout_basic, mainiacjoe_overflow_two_lobes, uniq_sigmund
D:5:      layout_basic, lemuel_doored_altar, minmay_temple_entry_junction_2,
          grunt_ministairs_7, st_stairs_9
D:6:      layout_loops_ring, kennysheep_mini_moat, serial_shops,
          nicolae_lakefront_shop, uniq_blork_the_orc
D:7:      layout_rooms, minmay_manual_mail
D:8:      minmay_quarter_circles, layout_rooms, vehumet_statue, serial_shops,
          shop, uniq_psyche, uniq_pikel
D:9:      kennysheep_steamy, layout_basic, amcnicky_altar_gilded,
          hangedman_corner_corridor
D:10:     minmay_the_grid_triangle_9x9_rhombus_thin_mashed
          [minmay_the_grid_triangle_9x9_tough_junction,
          minmay_the_grid_triangle_9x9_prize_center,
          minmay_the_grid_triangle_9x9_negative_grid,
          minmay_the_grid_triangle_9x9_descending_squares], layout_stronghold,
          zin_angel, grunt_lair_entry_orc_guard_hut, serial_shops,
          nicolae_square_shop
Temple:   nicolae_temple_great_sept

Skill      XL: |  1  2  3  4  5  6  7  8  9 10 11 12 |
---------------+-------------------------------------+-----
Earth Magic    | 4 5 6 7 8 9 10 | 10.5
Conjurations   | 1 2 3 5 8 9 10 11 | 11.0
Spellcasting   | 3 4 5 6 7 |  7.5
Fighting       | 2 5 |  5.2
Transmutations | 4 7 |  7.7
Stealth        | 3 6 7 |  7.0
Dodging        | |  2.8

Action                   |  1- 3 |  4- 6 |  7- 9 | 10-12 || total
-------------------------+-------+-------+-------+-------++-------
Melee: Short sword       |    29 |       |       |       ||    29
       Constrict         |    27 |    10 |     4 |     1 ||    42
       Unarmed           |     3 |       |       |       ||     3
       Tentacles         |    10 |    13 |     1 |     2 ||    26
       Dagger            |    52 |    42 |    11 |    11 ||   116
       Punch             |       |     1 |       |       ||     1
 Cast: Sandblast         |    20 |    30 |    59 |    40 ||   149
       Stone Arrow       |       |     2 |    63 |   162 ||   227
       Lee's Rapid Decon |       |       |       |    10 ||    10
Invok: Curse Item        |       |       |       |     3 ||     3
Evoke: Wand              |       |       |       |    17 ||    17
  Use: Potion            |       |       |       |     4 ||     4
 Stab: Sleeping          |     5 |     5 |       |       ||    10
Armor: Skin              |    14 |     8 |     6 |     3 ||    31
Dodge: Dodged            |    70 |    30 |    27 |    63 ||   190

Table legend: (Time is in decaauts)
 A = Elapsed time spent in this place.
 B = Non-inter-level travel time spent in this place.
 C = Inter-level travel time spent in this place.
 D = Time resting spent in this place.
 E = Time spent auto-exploring this place.
 F = Levels seen in this place.
 G = Mean time per level.
                   A        B        C        D        E       F      G
               +--------+--------+--------+--------+--------+-----+--------+
         Total |  15122 |  14573 |    549 |   2720 |   8826 |  11 | 1374.7 |
       Dungeon |  15032 |  14492 |    540 |   2720 |   8763 |  10 | 1503.2 |
        Temple |     90 |     81 |      9 |      0 |     63 |   1 |   90.0 |
               +--------+--------+--------+--------+--------+-----+--------+

Top non-repeatable levels by time:
     D:8: 2474 daAuts
    D:10: 1931 daAuts
     D:9: 1846 daAuts
     D:4: 1754 daAuts
     D:7: 1460 daAuts
     D:5: 1374 daAuts
     D:2: 1119 daAuts
     D:3: 1103 daAuts
     D:6: 1079 daAuts
     D:1: 888 daAuts
  Temple: 90 daAuts
